 Dungeon Crawl Stone Soup version 0.23-b1-6-ga921848 (webtiles) character file.

Game seed: 18353430601122748455

15860 Monsterracer the Cleaver (level 12, 0/77 HPs)
             Began as a Gargoyle Monk on Feb 2, 2019.
             Was a High Priest of Okawaru.
             Splashed by an oklob plant's acid (7 damage)
             ... on level 2 of the Lair of Beasts.
             The game lasted 00:11:59 (14035 turns).

Monsterracer the Cleaver (Gargoyle Monk)           Turns: 14035, Time: 00:11:59

Health: 0/77       AC: 19    Str: 19    XL:     12   Next: 31%
Magic:  18/18      EV: 12    Int: 12    God:    Okawaru [*****.]
Gold:   614        SH:  0    Dex: 12    Spells: 11/11 levels left

rFire    + + .     SeeInvis .   a - +0 battleaxe (drain)
rCold    . . .     Gourm    +   (shield currently unavailable)
rNeg     + . .     Faith    .   z - +0 fire dragon scales
rPois    ∞         Spirit   .   D - +1 hat {MR+}
rElec    +         Reflect  .   (no cloak)
rCorr    +         Harm     .   g - +2 pair of gloves
MR       +....                  l - +1 pair of boots {run}
Stlth    ..........             B - amulet of the gourmand
HPRegen  0.22/turn              C - ring of protection from cold
MPRegen  0.16/turn              y - ring of resist corrosion

@: corroded, quick
A: negative energy resistance 1, electricity resistance, unbreathing,
petrification resistance, rot immunity, AC +8
a: Heroism, Finesse, Renounce Religion


You were on level 2 of the Lair of Beasts.
You worshipped Okawaru.
Okawaru was extremely pleased with you.
You were very hungry.

You visited 2 branches of the dungeon, and saw 12 of its levels.
You also visited: Ossuary.

You collected 806 gold pieces.
You spent 192 gold pieces at shops.

Inventory:

Hand Weapons
 a - a +0 battleaxe of draining (weapon)
 b - the +3 flail "Qoriokh" {flame, Stlth+}
   (You found it on level 8 of the Dungeon)

   It has been specially enchanted to burn those struck by it, causing extra
   injury to most foes and up to half again as much damage against particularly
   susceptible opponents.
   It makes you more stealthy.
 v - a +0 war axe of chopping
Missiles
 d - 5 throwing nets (quivered)
Armour
 g - a +2 pair of gloves (worn)
 l - a +1 pair of boots of running (worn)
 z - +0 fire dragon scales (worn)
 D - a +1 hat of magic resistance (worn)
Jewellery
 n - an uncursed ring of fire
 y - a ring of resist corrosion (right hand)
 B - an amulet of the gourmand (around neck)
 C - a ring of protection from cold (left hand)
 F - an uncursed ring of protection from fire
Wands
 G - a wand of scattershot (13)
 H - a wand of acid (9)
Scrolls
 f - 5 scrolls of identify
 h - 3 scrolls of enchant weapon
 i - 3 scrolls of magic mapping
 k - 4 scrolls of amnesia
 r - 10 scrolls of remove curse
 t - 5 scrolls of teleportation
 x - a scroll of fog
Potions
 e - 4 potions of curing
 j - 3 potions of agility
 m - a potion of resistance
 o - 2 potions of degeneration
 p - 5 potions of flight
 q - 3 potions of lignification
 s - a potion of haste
 u - 3 potions of might
 w - 6 potions of heal wounds
 A - 2 potions of ambrosia
 E - a potion of mutation
 I - a potion of brilliance
Comestibles
 c - 25 rations


   Skills:
 + Level 9.9 Fighting
 * Level 11.2 Axes
 + Level 9.2 Armour
 + Level 6.0 Dodging
 - Level 2.1 Stealth
 + Level 8.7 Invocations


You had 11 spell levels left.
You didn't know any spells.
Your spell library contained the following spells:

 Spells                   Type           Power        Failure   Level  Hunger
 Animate Skeleton         Necr           N/A          71%         1    ##.....
 Apportation              Tloc           #.....       71%         1    ##.....
 Beastly Appendage        Tmut           #.....       71%         1    ##.....
 Confusing Touch          Hex            #.....       71%         1    ##.....
 Freeze                   Ice            #...         71%         1    ##.....
 Summon Small Mammal      Summ           #...         71%         1    ##.....
 Poisonous Vapours        Pois/Air       #.....       83%         2    ###....
 Sticks to Snakes         Tmut           #.......     83%         2    ###....
 Throw Frost              Conj/Ice       #.....       83%         2    ###....
 Conjure Flame            Conj/Fire      #.......     97%         3    ####...
 Mephitic Cloud           Conj/Pois/Air  #.......     97%         3    ####...
 Ozocubu's Armour         Chrm/Ice       #.......     97%         3    ####...
 Spider Form              Tmut/Pois      #.........   97%         3    ####...
 Ice Form                 Ice/Tmut       #.......     100%        4    #####..
 Summon Ice Beast         Ice/Summ       #.......     100%        4    #####..
 Throw Icicle             Conj/Ice       #.......     100%        4    #####..
 Blade Hands              Tmut           #.........   100%        5    ######.
 Freezing Cloud           Conj/Ice/Air   #.........   100%        6    #######
 Ring of Flames           Chrm/Fire      #.........   100%        7    #######


Dungeon Overview and Level Annotations

Branches:
Dungeon (10/15)            Temple (0/1) D:6            Lair (2/6) D:9
  Swamp: Lair:2-4    Shoals: Lair:2-4     Snake: Lair:2-4    Spider: Lair:2-4
    Orc: D:9-12

Altars:
Hepliaklqana
Okawaru
Sif Muna
Vehumet
Yredelemnul

Shops:
D:5 (   D:9 *

Annotations:
Lair:2 exclusion: 3 oklob plants


Innate Abilities, Weirdness & Mutations

You are resistant to torment.
Your stone body is resilient. (AC +8)
You are immune to poison.
You resist negative energy. (rN+)
You are resistant to electric shocks. (rElec)
You can survive without breathing.
You are immune to petrification.
You are immune to rotting.


Message History

You resist. The splash of acid hits you.
You are splashed with acid!
You resist.
* * * LOW HITPOINT WARNING * * *
You take 10 damage, and have 20/77 hp.
You slash the oklob plant!
The oklob plant is almost destroyed.
You hit the oklob plant but do no damage.
The oklob plant is almost destroyed.
The oklob plant spits acid at you. You resist. The splash of acid hits you!
* * * LOW HITPOINT WARNING * * *
The acid corrodes you!
You are splashed with acid.
You resist.
* * * LOW HITPOINT WARNING * * *
You take 10 damage, and have 10/77 hp.
Unknown command.
You are feeling hungry.
You start resting.
You are no longer corroded.
You regained 6 hp, and now have 17/77 hp.
You start resting.
You are feeling very hungry.
You regained 33 hp, and now have 50/77 hp.
Unknown command.
Really walk into a travel-excluded area?
Okay, then.
You start resting.
Really walk into a travel-excluded area? [Y]es or [N]o only, please.
Really walk into a travel-excluded area?
You regained 10 hp, and now have 60/77 hp.
The oklob plant spits acid at you.
The splash of acid hits you but does no damage.
You are splashed with acid.
You resist.
You take 6 damage, and have 55/77 hp.
Things that are here:
a scroll of random uselessness; 25 gold pieces You hit the oklob plant but do no damage.
You hit the oklob plant.
The oklob plant is lightly damaged.
You slash the oklob plant!
The oklob plant is moderately damaged.
You hit the oklob plant.
The oklob plant is moderately damaged.
The oklob plant spits acid at you. The splash of acid misses you.
You slice the oklob plant!!
The oklob plant is severely damaged.
You hit the oklob plant.
The oklob plant is severely damaged.
The oklob plant spits acid at you.
The splash of acid hits you but does no damage.
You are splashed with acid!
You resist. The oklob plant spits acid at you. You resist.
The splash of acid hits you.
You are splashed with acid.
You resist. The oklob plant spits acid at you.
The splash of acid hits you but does no damage.
The acid corrodes you!
You are splashed with acid.
You resist.
You take 24 damage, and have 33/77 hp.
MASSIVE DAMAGE!!
Unknown command.
You hit the oklob plant.
The oklob plant is severely damaged.
The oklob plant spits acid at you.
The splash of acid hits you but does no damage.
The acid corrodes you!
You are splashed with acid!
You resist.
You take 7 damage, and have 26/77 hp.
Unknown command.
You hit the oklob plant but do no damage.
The oklob plant is severely damaged.
The oklob plant spits acid at you.
The splash of acid hits you but does no damage.
You are splashed with acid.
You resist.
* * * LOW HITPOINT WARNING * * *
You take 5 damage, and have 21/77 hp.
You hit the oklob plant but do no damage.
The oklob plant is severely damaged.
You slash the oklob plant!
The oklob plant is almost destroyed.
You hit the oklob plant.
The oklob plant is almost destroyed.
The oklob plant spits acid at you. You resist. The splash of acid hits you.
* * * LOW HITPOINT WARNING * * *
You are splashed with acid.
You resist.
* * * LOW HITPOINT WARNING * * *
You take 9 damage, and have 12/77 hp.
You completely miss the oklob plant.
The oklob plant is almost destroyed.
The oklob plant spits acid at you.
The splash of acid hits you but does no damage.
You are splashed with acid.
You resist.
* * * LOW HITPOINT WARNING * * *
The oklob plant spits acid at you. You resist. The splash of acid hits you.
* * * LOW HITPOINT WARNING * * *
You are splashed with acid!
You resist.
You die...

#.........♣ ♣. ####
######.........♣ ♣.
#....##..#.#..<......♣
♣.
...............).....♣
♣.
.....................♣
♣.
P.###.#.#....[.P####♣♣
♣♣ # ###.......#
##PPP.P## #.$.@)#
#.).?.# #P)P|"#
#%=.).# #P.%..#
#######


You could see 3 oklob plants.

Vanquished Creatures
  A hydra (D:9)
  A two-headed ogre (D:10)
  Pikel (D:8)
  An oklob plant (Lair:2)
  5 elephants (Lair:1)
  A centaur skeleton (D:10)
  2 komodo dragons (Lair:1)
  A hornet (D:10)
  2 dream sheep (D:9)
  4 hippogriffs
  18 yaks
  A wyvern (Lair:2)
  A hungry ghost (D:10)
  Grum (D:8)
  4 water moccasins
  Duvessa (D:6)
  2 porcupines
  2 ice beasts
  2 orc warriors
  2 sky beasts (D:9)
  A necrophage (D:9)
  3 wolves (D:8)
  8 ogres
  3 centaurs
  5 crocodiles
  3 big kobolds (D:9)
  10 bullfrogs
  A gnoll sergeant (D:5)
  Dowan (D:6)
  14 scorpions
  8 killer bees
  2 electric eels (Lair:1)
  5 crimson imps
  3 jellies
  7 hounds
  A quasit (D:10)
  2 centaur zombies (Ossuary)
  12 orc wizards
  5 orc priests
  4 iguanas
  10 worker ants
  2 killer bee zombies
  4 big kobold zombies (Ossuary)
  A hound zombie (D:9)
  2 hound skeletons
  3 mummies (Ossuary)
  A howler monkey zombie (D:9)
  14 gnolls
  6 scorpion zombies (Ossuary)
  11 adders
  2 shadow imps
  3 oozes
  5 adder zombies
  2 adder skeletons (D:8)
  9 worms
  A dart slug (D:1)
  4 leopard geckos
  53 orcs
  5 giant cockroaches
  4 goblins
  12 hobgoblins
  16 jackals
  7 quokkas
  6 bats
  5 frilled lizards (D:2)
  A goblin zombie (Ossuary)
  2 hobgoblin zombies (Ossuary)
  12 kobolds
  3 kobold zombies (Ossuary)
  2 leopard gecko zombies (D:5)
  An orc zombie (Ossuary)
  A quokka skeleton (D:4)
  A quokka zombie (D:5)
  8 rats
  3 plants (Lair:1)
373 creatures vanquished.

Vanquished Creatures (others)
  A hound (D:8)
  An orc wizard (D:6)
  3 orcs (D:8)
  5 plants
10 creatures vanquished.

Grand Total: 383 creatures vanquished

Notes
Turn   | Place    | Note
-------+----------+-------------------------------------------
     0 | D:1      | Monsterracer the Gargoyle Monk began the quest for the Orb.
     0 | D:1      | Reached XP level 1. HP: 14/14 MP: 1/1
   446 | D:1      | Reached XP level 2. HP: 13/19 MP: 2/2
   681 | D:1      | Reached skill level 3 in Axes
  1329 | D:2      | Reached skill level 1 in Armour
  1347 | D:2      | Reached XP level 3. HP: 15/23 MP: 3/3
  1815 | D:2      | Reached XP level 4. HP: 20/29 MP: 4/4
  2693 | D:2      | Reached XP level 5. HP: 31/33 MP: 5/5
  3008 | D:3      | Reached skill level 4 in Axes
  3547 | D:3      | Found an iron altar of Okawaru.
  3558 | D:3      | Became a worshipper of Warmaster Okawaru
  3558 | D:3      | Reached * piety under Okawaru
  3558 | D:3      | Reached ** piety under Okawaru
  3594 | D:3      | Reached XP level 6. HP: 39/39 MP: 6/6
  3979 | D:3      | Found an iron altar of Okawaru.
  4263 | D:4      | Reached skill level 1 in Invocations
  4332 | D:4      | Reached XP level 7. HP: 28/44 MP: 6/8
  4476 | D:4      | Reached skill level 5 in Fighting
  4476 | D:4      | Reached skill level 5 in Axes
  4599 | D:4      | Found a sand-covered staircase.
  4607 | Ossuary  | Entered an ossuary
  4829 | Ossuary  | Reached *** piety under Okawaru
  4947 | Ossuary  | Reached XP level 8. HP: 39/50 MP: 10/10
  5019 | Ossuary  | Reached skill level 6 in Axes
  5690 | D:5      | Entered Level 5 of the Dungeon
  5699 | D:5      | Reached **** piety under Okawaru
  5773 | D:5      | Reached skill level 5 in Armour
  6149 | D:5      | Reached skill level 7 in Axes
  6149 | D:5      | Reached XP level 9. HP: 55/56 MP: 12/12
  6800 | D:5      | Found Otiax's Antique Weapon Shoppe.
  7096 | D:6      | Reached skill level 5 in Invocations
  7197 | D:6      | Reached ***** piety under Okawaru
  7257 | D:6      | Reached skill level 8 in Axes
  7822 | D:6      | Found a basalt altar of Yredelemnul.
  7825 | D:6      | Found a deep blue altar of Sif Muna.
  7825 | D:6      | Noticed Dowan
  7826 | D:6      | Noticed Duvessa
  7832 | D:6      | Killed Duvessa
  7836 | D:6      | Killed Dowan
  7848 | D:6      | Found a radiant altar of Vehumet.
  7888 | D:6      | Reached XP level 10. HP: 63/63 MP: 14/14
  7934 | D:6      | Found a staircase to the Ecumenical Temple.
  8600 | D:7      | Received a gift from Okawaru
  8609 | D:7      | Identified a +1 pair of boots of running (Okawaru gifted it
                  | to you on level 7 of the Dungeon)
  8826 | D:8      | Noticed Pikel
  8832 | D:8      | Killed Pikel
  8832 | D:8      | Reached skill level 9 in Axes
  9000 | D:8      | Noticed Grum
  9019 | D:8      | Killed Grum
  9322 | D:8      | Got a warped flail
  9803 | D:9      | Reached XP level 11. HP: 38/69 MP: 9/16
  9807 | D:9      | Identified the +3 flail "Qoriokh" {flame, Stlth+} (You
                  | found it on level 8 of the Dungeon)
  9846 | D:9      | Found a staircase to the Lair.
 10037 | D:9      | Found Qyish's Assorted Antiques.
 10079 | D:9      | Bought 2 scrolls labeled PAH ASIGAMNAFI for 64 gold pieces
 10079 | D:9      | Bought a potion of might for 128 gold pieces
 10212 | D:9      | Noticed a three-headed hydra
 10229 | D:9      | Killed a three-headed hydra
 10229 | D:9      | Received a gift from Okawaru
 10229 | D:9      | Reached skill level 10 in Axes
 10234 | D:9      | Reached skill level 5 in Dodging
 10451 | D:10     | Entered Level 10 of the Dungeon
 10532 | D:10     | Got a crude leather armour
 10857 | D:10     | Found a deep blue altar of Sif Muna.
 11137 | D:10     | Noticed a two-headed ogre
 11150 | D:10     | Killed a two-headed ogre
 11659 | Lair:1   | Entered Level 1 of the Lair of Beasts
 11901 | Lair:1   | Reached XP level 12. HP: 42/76 MP: 18/18
 12226 | Lair:1   | Reached skill level 11 in Axes
 12657 | Lair:1   | Got an ivory dagger
 13414 | Lair:2   | Found a hazy altar of Hepliaklqana.
 14035 | Lair:2   | Splashed by an oklob plant's acid

Skill      XL: |  1  2  3  4  5  6  7  8  9 10 11 12 |
---------------+-------------------------------------+-----
Axes           | 3 4 5 7 8 9 10 11 | 11.2
Armour         | 1 2 3 4 5 6 7 8 9 |  9.2
Dodging        | 3 4 5 6 |  6.0
Fighting       | 4 5 6 7 8 9 |  9.9
Invocations    | 1 2 4 5 7 8 |  8.7
Stealth        | |  2.1

Action                   |  1- 3 |  4- 6 |  7- 9 | 10-12 || total
-------------------------+-------+-------+-------+-------++-------
Melee: Hand axe          |   119 |   221 |       |       ||   340
       War axe           |       |    67 |   416 |   107 ||   590
       Battleaxe         |       |       |       |   424 ||   424
       Flail             |       |       |       |     6 ||     6
Throw: Throwing net      |       |       |     2 |       ||     2
Invok: Heroism           |       |       |     1 |     3 ||     4
       Finesse           |       |       |       |     3 ||     3
  Use: Scroll            |       |    11 |     6 |    13 ||    30
 Stab: Sleeping          |     1 |       |       |       ||     1
  Eat: Ration            |     1 |       |     1 |     1 ||     3
       Chunk             |       |     8 |    10 |    23 ||    41
Armor: Robe              |    18 |       |       |       ||    18
       Ring mail         |    18 |   103 |       |       ||   121
       Chain mail        |       |   124 |   325 |       ||   449
       Fire dragon scale |       |       |    18 |   425 ||   443
Dodge: Dodged            |    67 |   182 |   208 |   421 ||   878

Vault maps used:
D:1:      dpeg_arrival_snail, minmay_worlds_worst_comb
D:2:      minmay_razor_zed, first_ration, grunt_ministairs_10,
          kennysheep_generic_room_4
D:3:      marbit_many_paths, grunt_decor_arrowhead, okawaru_altar_gauntlet_db
D:4:      lightli_ossuary_entry_decrepit_ruins
D:5:      serial_shops, shop
D:6:      minmay_opposing_rooms, grunt_temple_overflow_diamond,
          minmay_temple_entry_trees, uniq_duvessa
D:8:      uniq_pikel, uniq_grum
D:9:      lair_entry_dummy, serial_shops, nicolae_shop_waterfront,
          hangedman_ranch
D:10:     led_sif_book
Lair:1:   serial_bayou_shore_a, grunt_megastairs_1
Lair:2:   nicolae_swamp_entry_splash_gauntlet, basic_altar,
          minmay_lair_oklob_chamber
Ossuary:  ossuary_minmay_scorpions
